 Dungeon Crawl Stone Soup version 0.25.1-8-g42b30a86e7 (webtiles) character file.

Game seed: 3880160046879748379

23 hawla the Magician (level 2, 0/19 HPs)
             Began as a Mummy Necromancer on Dec 16, 2020.
             Killed from afar by Natasha (7 damage)
             ... with a magic dart
             ... on level 1 of the Dungeon.
             The game lasted 00:04:43 (1407 turns).

hawla the Magician (Mummy Necromancer)              Turns: 1407, Time: 00:04:43

Health: 0/19       AC:  2    Str: 11    XL:     2   Next: 72%
Magic:  1/7        EV: 16    Int: 14    God:
Gold:   83         SH:  0    Dex: 12    Spells: 7/9 levels left

rFire    x . .     SeeInvis .   (no weapon)
rCold    + . .     Gourm    .   (no shield)
rNeg     + + +     Faith    .   a - +0 robe
rPois    ∞         Spirit   .   (no helmet)
rElec    .         Reflect  .   (no cloak)
rCorr    .         Harm     .   (no gloves)
MR       .....                  (no boots)
Stlth    ++........             (no amulet)
HPRegen  0.06/turn              c - +4 ring of evasion
MPRegen  0.10/turn              (no ring)

@: very slightly contaminated, slowed, very slow
A: no food or potions, fire vulnerability, cold resistance 1, negative energy
resistance 3, torment resistance, unbreathing
a: no special abilities


You were on level 1 of the Dungeon.
You were not hungry.

You visited 1 branch of the dungeon, and saw 2 of its levels.

You collected 83 gold pieces.

Inventory:

Armour
 a - a +0 robe (worn)
Jewellery
 c - a +4 ring of evasion (left hand)
Scrolls
 b - a scroll of immolation {unknown}
 d - a scroll of teleportation {unknown}
 e - a scroll of remove curse {unknown}


   Skills:
 - Level 1.5 Dodging
 - Level 1.5 Stealth
 + Level 4.2 Spellcasting
 - Level 4.0 Necromancy


You had 7 spell levels left.
You knew the following spells:

 Your Spells              Type           Power        Failure   Level  Hunger
a - Pain                  Necr           ##..         3%          1    N/A
b - Animate Skeleton      Necr           N/A          3%          1    N/A

Your spell library contained the following spells:

 Spells                   Type           Power        Failure   Level  Hunger
 Vampiric Draining        Necr           ##........   11%         3    N/A
 Animate Dead             Necr           N/A          36%         4    N/A
 Agony                    Necr           ##......     71%         5    N/A

Dungeon Overview and Level Annotations

Branches:
Dungeon (2/15)

Altars:

Annotations:
D:1 Natasha
D:2 Terence


Innate Abilities, Weirdness & Mutations

You do not eat or drink.
Your flesh is vulnerable to fire.
You are immune to poison.
Your flesh is cold resistant. (rC+)
You are immune to negative energy. (rN+++)
You are immune to unholy pain and torment.
You can survive without breathing.


Message History

You kill the frilled lizard!
Natasha completely misses you.
Natasha stares at you and mumbles some strange words.
You feel yourself slow down.
You see here a frilled lizard corpse.
Casting: Pain (safe; 3% risk of failure)
Confirm with . or Enter, or press ? or * to list all spells.
You attempt to give life to the dead...
Before your eyes, flesh is ripped from the corpse!
The dead are walking!
Natasha closely misses you.
You see here a chunk of flesh.
Natasha closely misses you. Natasha casts a spell at you.
You resist with significant effort.
Your frilled lizard skeleton barely misses Natasha.
Natasha claws you.
There is an open door here.
Natasha casts a spell at you. The magic dart hits you!
You die...

### #.####### #......Z.
#.####### #.# ##########
#.# #####........########.#
#...'.......@'hZ..%>..#####
#.###........######...[...#
#.# ########## #.......#
#####'### #.(!....#
........# #.......#
........# #.......#
........##########
#.......#
.#.##............#
#.....).###
###)#.#..........#
#.......+..


You could see Natasha and a friendly frilled lizard skeleton.

Vanquished Creatures
  A giant cockroach (D:1)
  4 goblins (D:1)
  5 hobgoblins (D:1)
  4 bats
  3 frilled lizards (D:1)
  A kobold (D:1)
  3 rats (D:1)
21 creatures vanquished.

Notes
Turn   | Place    | Note
-------+----------+-------------------------------------------
     0 | D:1      | hawla the Mummy Necromancer began the quest for the Orb.
     0 | D:1      | Reached XP level 1. HP: 13/13 MP: 4/4
    29 | D:1      | Learned a level 1 spell: Animate Skeleton
   549 | D:1      | Reached XP level 2. HP: 14/19 MP: 0/6
  1285 | D:2      | Noticed Terence
  1389 | D:2      | Noticed Natasha
  1407 | D:1      | Killed from afar by Natasha

Illustrated notes

Levels and vault maps discovered:
D:1:      mainiacjoe_arrival_reflecting_pool, layout_basic, minmay_tripent
D:2:      layout_basic, makhleb_blood_cavern_becter, serial_forest,
          infiniplex_forest_lined_corner, infiniplex_forest_straight_2,
          infiniplex_forest_straight_3, infiniplex_forest_lined_corner,
          infiniplex_forest_clump_cross, infiniplex_forest_clump_curved,
          infiniplex_forest_lined_corner, uniq_terence, uniq_natasha

Skill      XL: |  1  2 |
---------------+-------+-----
Spellcasting   | 3 4 |  4.2
Dodging        | |  1.5
Stealth        | |  1.5
Necromancy     | |  4.0

Action                   || total
-------------------------++-------
Melee: Unarmed           ||     6
 Cast: Pain              ||    37
       Animate Skeleton  ||     8
Armor: Robe              ||     4
Dodge: Dodged            ||    17
